 Dungeon Crawl Stone Soup version 0.25-a0-279-g53730b6a6f (webtiles) character file.

Game seed: 15336419673302879416, levelgen mode: deterministic

53 MoonlitKnight the Charmwright (level 3, -2/27 HPs)
             Began as a Merfolk Skald on Dec 10, 2019.
             Slain by Terence
             ... wielding a +0 falchion
              (4 damage)
             ... on level 2 of the Dungeon.
             The game lasted 00:04:37 (1182 turns).

MoonlitKnight the Charmwright (Merfolk Skald)       Turns: 1182, Time: 00:04:38

Health: -2/27      AC:  3    Str: 11    XL:     3   Next: 87%
Magic:  2/6        EV: 12    Int: 13    God:
Gold:   80         SH:  0    Dex: 13    Spells: 0/6 levels left

rFire    . . .     SeeInvis .   a - +0 spear
rCold    . . .     Gourm    .   (no shield)
rNeg     . . .     Faith    .   b - +0 leather armour
rPois    .         Spirit   .   (no helmet)
rElec    .         Reflect  .   (no cloak)
rCorr    .         Harm     .   (no gloves)
MR       .....                  (no boots)
Stlth    +.........             (no amulet)
HPRegen  0.09/turn              (no ring)
MPRegen  0.10/turn              (no ring)

@: infused (expiring)
A: change form in water, swift swim, stealthy swim
a: no special abilities


You were on level 2 of the Dungeon.
You were not hungry.

You visited 1 branch of the dungeon, and saw 2 of its levels.

You collected 80 gold pieces.

Inventory:

Hand Weapons
 a - a +0 spear (weapon)
Missiles
 e - 17 sling bullets
 l - 41 stones (quivered)
Armour
 b - a +0 leather armour (worn)
 p - a +0 ring mail
Jewellery
 o - an uncursed ring of see invisible {unknown}
Scrolls
 g - 2 scrolls of teleportation {unknown}
 i - a scroll of amnesia {unknown}
 j - 2 scrolls of remove curse {unknown}
 k - 2 scrolls of identify {unknown}
 n - 2 scrolls of magic mapping {unknown}
Potions
 c - 2 potions of curing {unknown}
 h - a potion of resistance {unknown}
 m - a potion of might {unknown}
 q - a potion of degeneration {unknown}
Comestibles
 d - 4 rations
 f - a chunk of flesh


   Skills:
 - Level 2.1 Fighting
 - Level 3.0 Polearms
 - Level 0.6 Armour
 - Level 2.6 Dodging
 - Level 2.0 Spellcasting
 - Level 4.5 Charms
 + Level 1.5 Translocations


You couldn't memorise any spells.
You knew the following spells:

 Your Spells              Type           Power        Failure   Level  Hunger
a - Infusion              Chrm           ##..         5%          1    ##.....
b - Shroud of Golubria    Chrm/Tloc      #.....       14%         2    ###....
c - Spectral Weapon       Hex/Chrm       #.......     36%         3    ####...

Your spell library contained the following spells:

 Spells                   Type           Power        Failure   Level  Hunger
 Song of Slaying          Chrm           ##......     8%          2    ###....
 Regeneration             Chrm/Necr      #.........   36%         3    ####...


Dungeon Overview and Level Annotations

Branches:
Dungeon (2/15)

Altars:

Annotations:
D:2 Terence


Message History

Terence is heavily wounded.
Terence hits you with a +0 falchion.
You hit Terence.
Terence is severely wounded.
You hit Terence but do no damage.
Terence is severely wounded.
Terence hits you with a +0 falchion!
* * * LOW HITPOINT WARNING * * *
You hit Terence but do no damage.
Terence is severely wounded.
Terence hits you with a +0 falchion.
* * * LOW HITPOINT WARNING * * *
You closely miss Terence.
Terence is severely wounded.
Your magical infusion is running out.
Terence barely misses you.
You closely miss Terence.
Terence is severely wounded.
Terence hits you with a +0 falchion.
You die...

##########
#.@.......
#@#####...
#.# #.#
#.# #.#
#'# #.#
#.# #.#
#.# #.#
#.# #.#
#.#


You could see Terence.

Vanquished Creatures
  An adder (D:2)
  2 dart slugs
  8 bats
  2 giant cockroaches (D:1)
  3 goblins
  4 hobgoblins
  4 jackals (D:1)
  5 kobolds
  5 frilled lizards
  4 rats
38 creatures vanquished.

Notes
Turn   | Place    | Note
-------+----------+-------------------------------------------
     0 | D:1      | MoonlitKnight the Merfolk Skald began the quest for the
                  | Orb.
     0 | D:1      | Reached XP level 1. HP: 16/16 MP: 3/3
   187 | D:1      | Reached XP level 2. HP: 19/22 MP: 5/5
   236 | D:1      | Reached skill level 4 in Charms
   417 | D:1      | Reached XP level 3. HP: 20/27 MP: 3/6
   472 | D:1      | Learned a level 2 spell: Shroud of Golubria
   476 | D:1      | Learned a level 3 spell: Spectral Weapon
   867 | D:2      | Reached skill level 1 in Translocations
  1158 | D:2      | Noticed Terence
  1182 | D:2      | Slain by Terence

Levels and vault maps discovered:
D:1:      minmay_arrival_loop, layout_loops_ring, supply_closet_lemuel
D:2:      layout_basic, uniq_terence

Skill      XL: |  1  2  3 |
---------------+----------+-----
Charms         | 4 |  4.5
Translocations | 1 |  1.5
Fighting       | |  2.1
Polearms       | |  3.0
Armour         | |  0.6
Dodging        | |  2.6
Spellcasting   | |  2.0

Action                   || total
-------------------------++-------
Melee: Spear             ||   135
 Cast: Infusion          ||     9
       Shroud of Golubri ||     1
 Stab: Sleeping          ||     3
  Eat: Chunk             ||     1
Armor: Leather armour    ||    32
Dodge: Dodged            ||    62

Table legend:
 A = Non-vault XP
 B = Vault XP
 C = Vault XP percentage of total XP
 D = Non-vault monster count
 E = Vault monster count
 F = Vault count percentage of total count
                 A         B        C        D         E       F
            +---------+---------+-------+---------+---------+-------
      Total |      76 |       0 |   0.0 |      38 |       0 |   0.0
            +---------+---------+-------+---------+---------+-------
        D:1 |      46 |       0 |   0.0 |      28 |       0 |   0.0
        D:2 |      30 |       0 |   0.0 |      10 |       0 |   0.0
            +---------+---------+-------+---------+---------+-------
